 Dungeon Crawl Stone Soup version 0.19.5 (webtiles) character file.

36966 Chifra the Fighter (level 13, -21/103 HPs)
             Began as a Demonspawn Fighter on May 25, 2017.
             Was a High Priest of Kikubaaqudgha.
             Demolished by a death yak (23 damage)
             ... on level 4 of the Lair of Beasts.
             The game lasted 01:40:23 (26223 turns).

Chifra the Fighter (Demonspawn Fighter)            Turns: 26223, Time: 01:40:25

Health: -21/103    AC: 15    Str: 22    XL:     13   Next: 55%
Magic:  22/22      EV: 18    Int: 12    God:    Kikubaaqudgha [*****.]
Gold:   415        SH: 12    Dex: 17    Spells: 9 memorised, 1 level left

rFire  + . .     SeeInvis +     Q - +3 rapier (venom)
rCold  . . .     Gourm    .     R - +1 troll leather armour {Snorg}
rNeg   . . .     Faith    .     y - +2 buckler of Complete Protection {*Drain rCorr Dex+2}
rPois  +         Spirit   .     (helmet unavailable)
rElec  .         Reflect  +     E - +0 cloak
rCorr  +         Harm     .     q - +1 pair of gloves {archery}
MR     .....                    N - +2 pair of boots {run}
Stlth  +++++.....               S - +4 amulet of reflection
                                (no ring)
                                M - ring of protection from fire

@: mighty, quick
A: antennae 3, icy blue scales 2, nightstalker 1, poison resistance, powered by
pain 3
a: Receive Corpses, Torment, Renounce Religion


You were on level 4 of the Lair of Beasts.
You worshipped Kikubaaqudgha.
Kikubaaqudgha was extremely pleased with you.
You were not hungry.

You visited 4 branches of the dungeon, and saw 18 of its levels.
You also visited: Sewer.

You collected 2076 gold pieces.
You spent 1661 gold pieces at shops.

Inventory:

Hand Weapons
 c - a +2 dagger of draining
 k - a +3 dagger of venom
 x - a +0 dagger of electrocution
 Q - a +3 rapier of venom (weapon)
Missiles
 B - 2 throwing nets (quivered)
Armour
 i - a +0 leather armour
 q - a +1 pair of gloves of archery (worn)
 y - the +2 buckler of Complete Protection (worn) {*Drain rCorr Dex+2}
   (You bought it in a shop on level 8 of the Dungeon)

   It affects your dexterity (+2).
   It protects you from acid and corrosion.
   It causes draining when unequipped.
 z - a +1 buckler of cold resistance
 E - a +0 cloak (worn)
 N - a +2 pair of boots of running (worn)
 R - a +1 troll leather armour (worn) {Snorg}
Jewellery
 M - a ring of protection from fire (left hand)
 S - a +4 amulet of reflection (around neck)
Wands
 e - a wand of paralysis (14/24)
 n - a wand of digging (0/24)
 r - a wand of lightning (6/15)
 D - a wand of teleportation (7/9)
 F - a wand of iceblast (9/15)
 J - a wand of teleportation (2/9)
Scrolls
 a - 2 scrolls of fog
 g - 4 scrolls of remove curse
 s - 2 scrolls of fear
 w - 2 scrolls of teleportation
 H - a scroll of recharging
 I - a scroll of magic mapping
 P - a scroll of blinking
 V - a scroll of identify
Potions
 d - a potion of cure mutation {unknown}
 h - 4 potions of heal wounds
 j - 4 potions of brilliance
 o - 3 potions of lignification
 t - a potion of flight
 u - 3 potions of magic
 v - a potion of ambrosia {unknown}
 A - a potion of haste
 C - 5 potions of agility
 L - a potion of resistance {unknown}
 O - 4 potions of curing
Books
 b - Kikubaaqudgha's Catalogue of Evil Arts
   (Kikubaaqudgha gifted it to you on level 7 of the Dungeon)

   Spells                             Type                      Level
   a - Animate Skeleton               Necromancy                   1
   b - Corpse Rot                     Necromancy                   2
   c - Sublimation of Blood           Necromancy                   2
   d - Vampiric Draining              Necromancy                   3
   e - Control Undead                 Necromancy                   4
 l - a book of Maledictions

   Spells                             Type                      Level
   a - Corona                         Hexes                        1
   b - Ensorcelled Hibernation        Hexes/Ice                    2
   c - Confuse                        Hexes                        3
   d - Tukima's Dance                 Hexes                        3
   e - Dazzling Spray                 Conjuration/Hexes            3
 m - a book of Minor Magic

   Spells                             Type                      Level
   a - Magic Dart                     Conjuration                  1
   b - Blink                          Translocation                2
   c - Call Imp                       Summoning                    2
   d - Repel Missiles                 Charms/Air                   2
   e - Slow                           Hexes                        2
   f - Conjure Flame                  Conjuration/Fire             3
   g - Mephitic Cloud                 Conjuration/Poison/Air       3
 p - the Catalogue of the Oath and Aid
   (You bought it in a shop on level 2 of the Orcish Mines)

   Spells                             Type                      Level
   a - Swiftness                      Charms/Air                   2
   b - Ozocubu's Armour               Charms/Ice                   3
   c - Ring of Flames                 Charms/Fire                  7
   d - Discord                        Hexes                        8
 G - Kikubaaqudgha's Tome of Evil
   (Kikubaaqudgha gifted it to you on level 1 of the Lair of Beasts)

   Spells                             Type                      Level
   a - Animate Dead                   Necromancy                   4
   b - Excruciating Wounds            Charms/Necromancy            5
   c - Cigotuvi's Embrace             Necromancy                   5
   d - Dispel Undead                  Necromancy                   5
   e - Death Channel                  Necromancy                   6
Comestibles
 f - 6 bread rations
 K - a royal jelly
 U - 3 fruits


   Skills:
 + Level 10.2 Fighting
 + Level 9.3 Short Blades
   Level 3.5 Maces & Flails
 + Level 5.9 Armour
 + Level 8.8 Dodging
 + Level 8.9 Stealth
 - Level 5.0 Shields
 + Level 6.1 Spellcasting
 - Level 1.0 Hexes
 + Level 4.0 Charms
 + Level 7.7 Necromancy
 - Level 3.1 Translocations
 - Level 1.0 Air Magic


You had one spell level left.
You knew the following spells:

 Your Spells              Type           Power        Failure   Level  Hunger
a - Blink                 Tloc           N/A          10%         2    ##.....
b - Repel Missiles        Chrm/Air       #.....       12%         2    ##.....
c - Animate Skeleton      Necr           N/A          1%          1    None
d - Corpse Rot            Necr           N/A          1%          2    ##.....
e - Sublimation of Blood  Necr           ###.......   1%          2    ##.....
f - Confuse               Hex            #.......     38%         3    ###....
g - Animate Dead          Necr           N/A          12%         4    ####...
h - Dispel Undead         Necr           ###.....     28%         5    ######.
i - Swiftness             Chrm/Air       #.......     12%         2    ##.....


Dungeon Overview and Level Annotations

Branches:
Dungeon (11/15)            Temple (1/1) D:5            Lair (4/6) D:10
  Swamp (0/4) Lair:4          Orc (2/2) D:11            Elf (0/3) Orc:2
  Snake: Lair:2-4    Spider: Lair:2-4

Altars:
Ashenzari
Cheibriados
Dithmenos
Elyvilon
Fedhas
Gozag
Hepliaklqana
Kikubaaqudgha
Makhleb
Nemelex Xobeh
Okawaru
Qazlal
Ru
Sif Muna
Trog
Uskayaw
Vehumet
Xom
Yredelemnul
Zin
The Shining One

Shops:
D:5 [   D:8 [   Orc:2 [(::

Portals:
Trove: D:11 (give 5 potions of cure mutation)

Annotations:
D:8 Gastronok
D:9 Erolcha


Innate Abilities, Weirdness & Mutations

You have a pair of large antennae on your head. (SInv)
You are mostly covered in icy blue scales. (AC +3)
You are slightly more attuned to the shadows.
You are powered by pain.
Your system is resistant to poisons. (rPois)


Message History

The eight-headed hydra bites you but does no damage.
The eight-headed hydra bites you!
You focus on the pain.
You feel very mighty all of a sudden.
The eight-headed hydra bites you! x2; The death yak closely misses you.
The death yak gores you!
There is a stone staircase leading up, spattered with blood here.
The eight-headed hydra bites you. The eight-headed hydra bites you!
* * * LOW HITPOINT WARNING * * *
You focus on the pain.
You feel mightier all of a sudden. The eight-headed hydra bites you!
* * * LOW HITPOINT WARNING * * *
The eight-headed hydra closely misses you. x2
You block the eight-headed hydra's attack.
The eight-headed hydra bites you!
* * * LOW HITPOINT WARNING * * *
The eight-headed hydra bites you but does no damage.
The death yak completely misses you. The death yak gores you!!
You die...
Kikubaaqudgha rasps: "You have failed me!
Welcome... death!"

P.#..##### ###.###
......#..######## #.....#
.........##.#...## ##.....###
.................# #.......#.
.......#.........# #........#
......##.###...#.# ##.......#
.........###....## #P......#
...............YD### ###.Z....
................@..# ##..#.#
Y.......Z........YP# ######..###
...........#......## ##.......##
.Y..Y..#...##......###..Z......##
##.#.......##...........P.#...#.#
...#.......##...........###....##
#..#..............##.P###......#
...#..............##### ##....##
#..#.....#.P.....## #P...##


You could see 2 death yaks and an eight-headed hydra.

Vanquished Creatures
  The ghost of Locuples the Severer, a journeyman MiFi of the Shining One (Lair:3)
  Snorg (D:10)
  2 hydras (Lair:3)
  Harold (Lair:2)
  Erica (D:8)
  3 death yaks
  Urug (Lair:2)
  3 orc high priests
  The ghost of Tynka the Covert, a novice OpAs of Dithmenos (D:9)
  Pikel (D:7)
  5 orc knights
  An ugly thing (D:10)
  4 orc sorcerers (Orc:2)
  2 elephants (Lair:4)
  Joseph (D:9)
  A torpor snail (Lair:2)
  2 gargoyles (D:11)
  7 spiny frogs
  Psyche (D:8)
  3 komodo dragons
  A polar bear (Lair:3)
  3 trolls
  A hornet (D:11)
  Grinder (D:3)
  Prince Ribbit (D:5)
  17 blink frogs
  3 hippogriffs
  A wraith (D:11)
  A wyvern (Lair:4)
  A basilisk (Lair:3)
  Menkaure (D:7)
  8 wargs
  10 water moccasins
  5 porcupines
  19 orc warriors
  A slave (D:7)
  A sky beast (D:7)
  5 ice beasts
  A phantom (D:5)
  7 ogres
  6 wolves (Lair:1)
  An eye of draining (D:10)
  3 centaurs
  6 crocodiles
  3 big kobolds
  19 bullfrogs
  A gnoll sergeant (D:10)
  A wyvern zombie (D:8)
  A water moccasin zombie (D:11)
  2 scorpions
  13 killer bees
  2 wights (D:11)
  A crimson imp (D:10)
  2 howler monkeys
  4 bullfrog zombies
  A jelly (D:9)
  11 hounds
  A lava snake (Orc:1)
  20 orc priests
  The ghost of melvik the Sneak, a weakling SpEn (D:3)
  2 centaur skeletons
  22 orc wizards
  2 bullfrog skeletons
  Terence (D:2)
  3 iguanas
  5 worker ants
  A hound zombie (D:10)
  A hound skeleton (D:7)
  A worker ant zombie (D:8)
  9 adders
  14 gnolls
  2 river rats
  A shadow imp (D:7)
  7 oozes
  2 adder skeletons (D:8)
  6 worms
  A dart slug (D:3)
  A leopard gecko (D:1)
  84 orcs
  9 bats
  4 giant cockroaches
  8 goblins
  5 hobgoblins
  22 jackals
  7 quokkas
  7 ball pythons
  4 frilled lizards
  27 kobolds
  2 quokka skeletons
  13 rats
502 creatures vanquished.

Vanquished Creatures (collateral kills)
  A death yak (Lair:2)
  A two-headed ogre (Orc:1)
  A hippogriff (Lair:2)
  3 water moccasins
  An orc warrior (Orc:2)
  3 wolves (Lair:1)
  2 ogres
  A crocodile (Lair:1)
  An orc priest (D:9)
  A shadow imp (D:9)
  7 orcs
  4 bats (Lair:1)
  A kobold (D:11)
27 creatures vanquished.

Vanquished Creatures (others)
  A slave (D:8)
  3 orc wizards
  A bullfrog skeleton (D:11)
  A shadow imp (D:7)
  3 fungi
  2 plants
11 creatures vanquished.

Grand Total: 540 creatures vanquished

Notes
Turn   | Place    | Note
-------+----------+-------------------------------------------
     0 | D:1      | Chifra the Demonspawn Fighter began the quest for the Orb.
     0 | D:1      | Reached XP level 1. HP: 18/18 MP: 1/1
   196 | D:1      | Gained mutation: You sometimes gain a little power by taking damage. [demonic ancestry]
   196 | D:1      | Reached XP level 2. HP: 21/24 MP: 2/2
   638 | D:1      | Reached XP level 3. HP: 23/29 MP: 3/3
   981 | D:2      | Reached skill level 1 in Dodging
  1486 | D:2      | Gained mutation: You have a pair of small antennae on your head. [demonic ancestry]
  1486 | D:2      | Reached XP level 4. HP: 30/35 MP: 4/4
  1632 | D:2      | Noticed Terence
  1652 | D:2      | Killed Terence
  2021 | D:3      | Noticed Grinder
  2034 | D:2      | Gained mutation: You have a pair of antennae on your head. [demonic ancestry]
  2034 | D:2      | Reached XP level 5. HP: 13/42 MP: 5/5
  2061 | D:2      | HP: 2/42 [poisoned by an orc]
  2906 | D:3      | Paralysed by Grinder for 4 turns
  2914 | D:3      | Paralysed by Grinder for 5 turns
  2925 | D:3      | Killed Grinder
  2925 | D:3      | Reached skill level 4 in Fighting
  2925 | D:3      | Gained mutation: You are partially covered in icy blue scales. (AC +2) [demonic ancestry]
  2925 | D:3      | Reached XP level 6. HP: 11/48 MP: 6/6
  2994 | D:3      | Noticed melvik's ghost (weakling SpEn)
  3354 | D:3      | Killed melvik's ghost
  3462 | D:3      | Paralysed by an orc wizard for 7 turns
  3521 | D:3      | Gained mutation: You are slightly more attuned to the shadows. [demonic ancestry]
  3521 | D:3      | Reached XP level 7. HP: 55/55 MP: 7/7
  3714 | D:3      | Learned a level 2 spell: Blink
  3717 | D:3      | Learned a level 2 spell: Repel Missiles
  3945 | D:3      | Reached skill level 1 in Short Blades
  4581 | D:4      | Reached skill level 1 in Stealth
  4635 | D:4      | Found a glowing drain.
  4667 | Sewer    | Entered a sewer
  4873 | Sewer    | Reached skill level 5 in Fighting
  5210 | D:4      | Gained mutation: You sometimes gain power by taking damage. [demonic ancestry]
  5210 | D:4      | Reached XP level 8. HP: 62/62 MP: 8/8
  6306 | D:4      | Found a deep blue altar of Sif Muna.
  6399 | D:5      | Entered Level 5 of the Dungeon
  6426 | D:5      | Found a staircase to the Ecumenical Temple.
  6437 | Temple   | Entered the Ecumenical Temple
  6508 | Temple   | Became a worshipper of Kikubaaqudgha
  6666 | D:5      | Found Jiqu's Armour Boutique.
  6675 | D:5      | Bought a +0 buckler of cold resistance for 149 gold pieces
  6747 | D:5      | Noticed Prince Ribbit
  6750 | D:5      | Killed Prince Ribbit
  7713 | D:6      | Gained mutation: You are powered by pain. [demonic ancestry]
  7713 | D:6      | Reached XP level 9. HP: 69/69 MP: 9/9
  7960 | D:6      | Reached skill level 6 in Fighting
  8264 | D:5      | Reached skill level 5 in Short Blades
  9051 | D:5      | Reached skill level 1 in Charms
  9307 | D:7      | Found a sparkling altar of Nemelex Xobeh.
  9320 | D:7      | Reached skill level 1 in Spellcasting
  9558 | D:7      | Reached skill level 5 in Dodging
  9558 | D:7      | Reached skill level 1 in Translocations
 10251 | D:7      | Noticed Menkaure
 10254 | D:7      | Reached * piety under Kikubaaqudgha
 10254 | D:7      | Identified Kikubaaqudgha's Catalogue of Evil Arts (Kikubaaqudgha gifted it to you on level 7 of the Dungeon)
 10254 | D:7      | Received a gift from Kikubaaqudgha
 10261 | D:7      | Killed Menkaure
 10268 | D:7      | Learned a level 1 spell: Animate Skeleton
 10271 | D:7      | Learned a level 2 spell: Corpse Rot
 10274 | D:7      | Learned a level 2 spell: Sublimation of Blood
 11081 | D:8      | Found a burning altar of Makhleb.
 11131 | D:7      | Reached skill level 1 in Air Magic
 11150 | D:7      | Gained mutation: You are mostly covered in icy blue scales. (AC +3) [demonic ancestry]
 11150 | D:7      | Reached XP level 10. HP: 31/77 MP: 13/13
 11284 | D:7      | Reached skill level 1 in Necromancy
 11432 | D:7      | Gained mutation: Your system is resistant to poisons. (rPois) [potion of beneficial mutation]
 11494 | D:8      | Found a radiant altar of Vehumet.
 11588 | D:8      | Noticed Erica
 11727 | D:7      | Reached skill level 7 in Fighting
 11883 | D:8      | Learned a level 3 spell: Confuse
 11894 | D:8      | Found Doptyh's Antique Armour Boutique.
 11928 | D:8      | Killed Erica
 11928 | D:8      | Reached skill level 1 in Hexes
 11995 | D:8      | Noticed Pikel
 12428 | D:8      | Noticed Psyche
 12577 | D:8      | Killed Psyche
 12608 | D:7      | Reached skill level 5 in Stealth
 12719 | D:7      | Killed Pikel
 13180 | D:8      | Bought a slimy buckler for 304 gold pieces
 13195 | D:9      | Noticed Gastronok
 13195 | D:9      | Noticed Tynka's ghost (novice OpAs)
 13437 | D:7      | Identified the +2 buckler of Complete Protection {*Drain rCorr Dex+2} (You bought it in a shop on level 8 of the Dungeon)
 13508 | D:9      | Noticed Erolcha
 13656 | D:7      | Reached ** piety under Kikubaaqudgha
 14119 | D:9      | Killed Tynka's ghost
 14325 | D:9      | Noticed Joseph
 14392 | D:9      | Killed Joseph
 14392 | D:9      | Reached XP level 11. HP: 80/86 MP: 17/17
 14910 | D:10     | Entered Level 10 of the Dungeon
 15308 | D:10     | Found a staircase to the Lair.
 15351 | D:9      | Reached skill level 8 in Fighting
 16050 | Lair:1   | Entered Level 1 of the Lair of Beasts
 16495 | Lair:1   | Reached *** piety under Kikubaaqudgha
 16495 | Lair:1   | Identified Kikubaaqudgha's Tome of Evil (Kikubaaqudgha gifted it to you on level 1 of the Lair of Beasts)
 16495 | Lair:1   | Received a gift from Kikubaaqudgha
 16502 | Lair:1   | Learned a level 4 spell: Animate Dead
 17665 | Lair:2   | Noticed Urug
 18611 | Lair:2   | Killed Urug
 18805 | Lair:1   | Reached skill level 5 in Spellcasting
 19312 | Lair:2   | Reached skill level 5 in Necromancy
 19396 | Lair:2   | Noticed Harold
 19420 | Lair:1   | Gained mutation: You have a pair of large antennae on your head. (SInv) [demonic ancestry]
 19420 | Lair:1   | Reached XP level 12. HP: 72/94 MP: 19/19
 19541 | Lair:2   | Killed Harold
 19541 | Lair:2   | Reached skill level 9 in Fighting
 20132 | Lair:2   | Noticed a death yak
 20156 | Lair:2   | Killed a death yak
 20480 | Lair:3   | Reached **** piety under Kikubaaqudgha
 20629 | Lair:3   | Noticed Locuples's ghost (journeyman MiFi)
 20702 | Lair:3   | Learned a level 5 spell: Dispel Undead
 21241 | D:11     | Reached skill level 5 in Shields
 21475 | D:11     | Found a staircase to the Orcish Mines.
 21546 | D:11     | Found a portal to a secret trove of treasure.
 21599 | D:11     | Noticed Snorg
 21779 | D:10     | Killed Snorg
 22121 | Orc:1    | Entered Level 1 of the Orcish Mines
 22636 | Orc:2    | Entered Level 2 of the Orcish Mines
 22648 | Orc:2    | Found a staircase to the Elven Halls.
 22763 | Orc:2    | Reached ***** piety under Kikubaaqudgha
 23441 | Orc:2    | Found Obeheo's Armour Boutique.
 23481 | Orc:2    | Paralysed by an orc sorcerer for 6 turns
 23532 | Orc:2    | Reached skill level 5 in Armour
 23574 | Orc:2    | Noticed an orc high priest
 23596 | Orc:2    | Killed an orc high priest
 23625 | Orc:2    | Noticed an orc high priest
 23869 | Orc:2    | Reached XP level 13. HP: 88/103 MP: 21/21
 23911 | Orc:2    | Found Mokhes's Weapon Boutique.
 24427 | Orc:2    | Reached skill level 10 in Fighting
 24466 | Orc:2    | Found Dusekeke's Book Shoppe.
 24472 | Orc:2    | Found Tenolex's Book Shoppe.
 24481 | Orc:2    | Bought a +0 pair of boots of running for 504 gold pieces
 24504 | Orc:2    | Bought the Catalogue of the Oath and Aid for 704 gold pieces
 24648 | Lair:2   | Learned a level 2 spell: Swiftness
 25122 | Lair:4   | Found a staircase to the Swamp.
 25561 | Lair:3   | Killed Locuples's ghost
 26223 | Lair:4   | HP: 2/103 [eight-headed hydra (8)]
 26223 | Lair:4   | Demolished by a death yak

Skill      XL: |  1  2  3  4  5  6  7  8  9 10 11 12 13 |
---------------+----------------------------------------+-----
Maces & Flails | 2 3 |  3.5
Shields        | 3 4 5 |  5.0
Dodging        | 1 2 3 4 5 6 7 8 |  8.8
Armour         | 3 4 5 |  5.9
Fighting       | 4 5 6 7 8 9 10 | 10.2
Short Blades   | 2 4 5 6 7 8 9 |  9.3
Stealth        | 1 3 4 5 7 8 |  8.9
Charms         | 2 3 4 |  4.0
Spellcasting   | 2 4 5 6 |  6.1
Translocations | 2 3 |  3.1
Air Magic      | 1 |  1.0
Necromancy     | 2 5 7 |  7.7
Hexes          | 1 |  1.0

Action                   |  1- 3 |  4- 6 |  7- 9 | 10-12 | 13-15 || total
-------------------------+-------+-------+-------+-------+-------++-------
Melee: Flail             |   175 |    40 |       |       |       ||   215
       Mace              |       |   102 |   265 |       |       ||   367
       Dagger            |       |       |   462 |   756 |       ||  1218
       Rapier            |       |       |       |   578 |   285 ||   863
Throw: Throwing net      |       |       |       |     2 |       ||     2
 Cast: Repel Missiles    |       |       |     1 |     6 |     1 ||     8
       Animate Skeleton  |       |       |       |    50 |     9 ||    59
       Blink             |       |       |       |     1 |       ||     1
       Animate Dead      |       |       |       |    12 |     5 ||    17
       Dispel Undead     |       |       |       |       |     6 ||     6
Evoke: Wand              |       |       |       |     2 |       ||     2
  Use: Potion            |       |     2 |     3 |     4 |     1 ||    10
       Scroll            |       |     7 |    12 |    13 |     3 ||    35
 Stab: Sleeping          |       |       |     9 |    26 |     8 ||    43
       Invisible         |       |       |       |     3 |       ||     3
       Distracted        |       |       |       |     6 |       ||     6
       Held in net/web   |       |       |       |     4 |       ||     4
  Eat: Chunk             |     2 |     4 |    23 |    26 |     2 ||    57
       Beef jerky        |       |     1 |     1 |     3 |       ||     5
       Bread ration      |       |       |     1 |     1 |       ||     2
       Pizza             |       |       |     1 |     1 |     1 ||     3
       Meat ration       |       |       |       |     2 |       ||     2
       Royal jelly       |       |       |       |       |     2 ||     2
       Fruit             |       |       |       |       |     1 ||     1
Armor: Scale mail        |    99 |    51 |   131 |       |       ||   281
       Skin              |       |     9 |       |       |       ||     9
       Leather armour    |       |       |    49 |   183 |       ||   232
       Troll leather arm |       |       |       |    26 |    59 ||    85
Dodge: Dodged            |    69 |    38 |   246 |   711 |   126 ||  1190
       Deflected         |       |       |     1 |    13 |     1 ||    15
Block: Shield            |   111 |    71 |   188 |       |       ||   370
       Buckler           |       |       |    75 |   469 |   110 ||   654
       Reflection        |       |       |       |     8 |     6 ||    14
